Map: Ley Lines

Players

MaxPax - Winner!

  • Race: Protoss Protoss
  • League: Master
  • Spawn Location: 1:00

LiquidClem (Clem)

  • Race: Terran Terran
  • League: Grandmaster
  • Spawn Location: 7:00

VOD

Have the link to the VOD?

Description

Time

  • Played on: June 24, 2025, 10:46 p.m.
  • Length: 6:35
Show
View Real Time Build Order
Export as new Build Order

MaxPax Protoss - Winner!

Build Orders: 1 Gate Expand, Phoenix Opening, Blink Stalkers 

Get SALT Encoding   

  12  0:00  Probe  
  13  0:12  Probe  
  14  0:17  Pylon  
  14  0:23  Probe  
  15  0:31  Probe  
  16  0:35  Gateway  
  16  0:39  Probe  
  16  0:45  Assimilator  
  17  0:50  Probe  
  18  1:03  Probe  
  19  1:15  Probe  
  20  1:21  Nexus  
  20  1:30  Cybernetics Core  
  20  1:33  Probe  
  20  1:39  Assimilator  
  21  1:45  Probe  
  22  1:48  Pylon  
  22  1:54  Stalker  
  22  1:57  Probe  
  23  2:07  Warp Gate  
  25  2:09  Probe  
  25  2:15  Shield Battery  
  26  2:21  Probe  
  27  2:23  Sentry, Phoenix  
  29  2:30  Probe  
  29  2:33  Probe  
  31  2:38  Probe  
  32  2:46  Twilight Council, Probe  
  32  2:48  Probe  
  34  2:54  Gateway  
  34  2:58  Probe  
  35  2:59  Stalker  
  35  3:00  Probe  
  38  3:08  Blink  
  38  3:10  Probe  
  38  3:12  Probe  
  40  3:22  Probe  
  40  3:24  Probe  
  40  3:26  Gateway  
  42  3:34  Probe, Pylon  
  42  3:38  Probe  
  44  3:46  Probe  
  45  3:53  Nexus  
  45  3:54  Probe  
  45  3:55  Stalker  
  48  3:59  Stalker  
  48  4:02  Probe  
  51  4:08  Probe  
  52  4:13  Pylon  
  52  4:15  Probe  
  53  4:18  Assimilator  
  53  4:24  Probe  
  53  4:27  Probe  
  53  4:30  Robotics Facility  
  54  4:35  Stalker x3  
  60  4:39  Probe  
  60  4:42  Probe  
  60  4:45  Shield Battery  
  62  4:49  Forge  
  62  4:56  Pylon  
  62  5:00  Shield Battery  
  62  5:05  Probe x3, Pylon  
  65  5:07  Stalker  
  65  5:08  Stalker x2  
  65  5:14  Immortal  
  71  5:17  Probe x3  
  78  5:29  Probe  
  79  5:38  Stalker x3  
  79  5:39  Probe  
  79  5:40  Probe  
  79  5:41  Probe  
  84  5:51  Probe  
  84  5:52  Probe  
  84  5:53  Probe  
  87  6:03  Probe  
  88  6:04  Probe  
  88  6:05  Gateway  
  88  6:07  Gateway  
  88  6:08  Assimilator, Pylon  
  88  6:09  Gateway  
  88  6:11  Gateway x2  
  81  6:28  Zealot x3  
Show
View Real Time Build Order
Export as new Build Order

LiquidClem Terran 

Build Orders: 1/1/1, Cyclone Opening 

Get SALT Encoding   

  12  0:00  SCV  
  13  0:12  SCV  
  14  0:17  Supply Depot  
  14  0:24  SCV  
  15  0:38  SCV  
  15  0:41  Barracks  
  15  0:42  Refinery  
  16  0:50  SCV  
  16  0:52  Refinery  
  17  1:02  SCV  
  18  1:15  SCV  
  19  1:28  Reaper, Orbital Command  
  20  1:41  Factory  
  20  1:53  SCV  
  21  1:59  Supply Depot  
  21  2:00  Barracks Reactor  
  21  2:05  SCV  
  22  2:16  Command Center  
  22  2:19  SCV  
  23  2:26  Starport  
  23  2:31  SCV  
  23  2:34  Factory Tech Lab  
  24  2:38  Marine x2  
  24  2:43  SCV  
  27  2:47  Supply Depot  
  27  2:55  Cyclone  
  27  2:58  SCV  
  31  3:08  Marine x2  
  31  3:10  Medivac  
  35  3:17  SCV  
  36  3:26  Marine x2  
  38  3:31  SCV  
  39  3:37  Siege Tank  
  42  3:43  SCV  
  42  3:46  Barracks  
  43  3:48  Orbital Command  
  43  3:52  Marine x2  
  43  3:54  Starport Tech Lab  
  45  3:56  SCV  
  45  4:01  Supply Depot  
  46  4:08  SCV  
  47  4:11  Marine x2  
  47  4:16  SCV  
  50  4:20  SCV  
  50  4:21  Siege Tank  
  52  4:28  SCV  
  52  4:29  Raven  
  55  4:32  SCV  
  56  4:40  SCV  
  56  4:43  Marine x3  
  56  4:44  SCV  
  59  4:47  Barracks, Supply Depot  
  59  4:52  SCV, Refinery  
  59  4:56  SCV  
  59  4:58  Engineering Bay  
  61  5:03  Marine  
  62  5:09  Siege Tank, Supply Depot, SCV, Marine  
  62  5:10  SCV  
  68  5:14  Marine  
  68  5:19  Supply Depot  
  69  5:22  SCV  
  70  5:31  SCV, Marine  
  70  5:34  Supply Depot, SCV, Marine  
  71  5:41  Marauder  
  73  5:43  SCV  
  73  5:46  SCV  
  67  5:51  Marine  
  67  5:55  SCV  
  67  5:57  Marauder, Marine  
  62  5:58  SCV  
  62  5:59  Starport Reactor, Refinery  
  62  6:00  Factory Reactor  
  63  6:06  Command Center  
  63  6:07  SCV  
  63  6:08  Marauder  
  66  6:11  Marine  
  66  6:14  Marine  
  65  6:21  Barracks x2  
Tags
 
Add a new tag
Caveats
  • Supply blocks, unpowered buildings, or Contaminate may cause inaccurate times.
  • Supply counts are checked every 10 seconds.